 Dungeon Crawl Stone Soup version 0.27-a0-1189-gb8eb6cee8e (webtiles) character file.

Game seed: 16707433504779343105

88 bisexualwizard the Insei (level 4, -8/29 (31) HPs)
             Began as an Octopode Monk on May 22, 2021.
             Mangled by a wight
             ... wielding a +0 halberd
              (16 damage)
             ... on level 3 of the Dungeon.
             The game lasted 00:03:39 (2704 turns).

bisexualwizard the Insei (Octopode Monk)            Turns: 2704, Time: 00:03:40

HP:   -8/29 (31)    AC:  1    Str: 11    XL:     4   Next: 54%
MP:   4/4           EV: 14    Int: 12    God:
Gold: 130           SH:  0    Dex: 14    Spells: 3/3 levels left

rFire    . . .     SeeInvis .     - Unarmed
rCold    . . .     Faith    .   (no shield)
rNeg     . . .     Spirit   .   (helmet restricted)
rPois    .         Reflect  .   (no amulet)
rElec    .         Harm     .   j - ring of flight
rCorr    .         Rampage  .   (no ring)
Will     .....                  (no ring)
Stlth    +++.......             (no ring)
HPRegen  0.09/turn              (no ring)
MPRegen  0.09/turn              (no ring)
                                (no ring)
                                (no ring)

@: flying, drained
A: almost no armour, amphibious, 8 rings, camouflage 1, gelatinous body 1,
(nimble swimmer 1), tentacles
a: no special abilities


You were on level 3 of the Dungeon.
You visited 1 branch of the dungeon, and saw 3 of its levels.

You collected 130 gold pieces.

Inventory:

Jewellery
 j - a ring of flight (left tentacle)
Wands
 k - a wand of mindburst (22)
Scrolls
 c - a scroll of identify
 e - a scroll of teleportation
 g - a scroll of blinking {unknown}
Potions
 a - 3 potions of ambrosia
 b - a potion of might {unknown}
 d - a potion of curing {unknown}
 f - a potion of mutation {unknown}
 h - a potion of lignification {unknown}
 i - a potion of heal wounds {unknown}


   Skills:
 - Level 3.0 Fighting
 - Level 3.0 Dodging
 + Level 3.7 Stealth
 * Level 4.8 Unarmed Combat


You had 3 spell levels left.
You didn't know any spells.
Your spell library was empty.

Dungeon Overview and Level Annotations

Branches:
Dungeon (3/15)

Altars:


Innate Abilities, Weirdness & Mutations

You cannot wear most types of armour.
You are amphibious.
You can wear up to eight rings at the same time.
Your skin changes colour to match your surroundings (Stealth+).
Your rubbery body absorbs attacks. (AC +1, EV +1)
((You are camouflaged near water. (Stealth+)))
You have tentacles for arms and can constrict up to eight enemies at once.


Message History

Found a stone staircase leading down.
There is a stone staircase leading down here.
k - a wand of mindburst (22)
A wight comes into view.
It is wielding a +0 battleaxe. 2 jackals and a wight come into view.
The wight barely misses you.
You closely miss the wight. You grab the wight. You tentacle-slap the wight.
The wight is lightly damaged.
You constrict the wight, but do no damage.
The wight barely misses you.
You tentacle-slap the wight.
You squeeze the wight, but do no damage.
The wight is lightly damaged.
You constrict the wight, but do no damage.
The wight hits you with a +0 battleaxe! The wight barely misses you.
You tentacle-slap the wight but do no damage.
The wight is lightly damaged.
You constrict the wight. The wight misses you. x2
You tentacle-slap the wight but do no damage.
The wight is moderately damaged.
You constrict the wight, but do no damage.
The wight closely misses you. x2
You tentacle-slap the wight but do no damage.
The wight is moderately damaged.
You constrict the wight.
The wight hits you from afar with a +0 halberd!
* * * LOW HITPOINT WARNING * * *
You feel drained. The wight closely misses you.
You are too injured to fight recklessly!
You are too injured to fight recklessly!
You are too injured to fight recklessly!
You are too injured to fight recklessly!
You are too injured to fight recklessly!
You tentacle-slap the wight.
The wight is heavily damaged.
You hear the rapid rusting of a very distant drain.
You constrict the wight, but do no damage.
The wight hits you from afar with a +0 halberd!
Ouch! That really hurt!
You die...

......# ##.#### #..
. #...# ..## h#
#.).# .... #h #...#
#.#..... #...#####
#.#..#. .......>#
#.#..z .........
..##z# ........#
#.##@# .. #...#####
#.##.###.... #...#
##.##......# #...#
#......##### #...#
#..###.# ##.##
#...# .# #.#
##.#.##.#
##.########.......#
....#.............#


You could see 2 wights and 2 jackals.

Vanquished Creatures
  An adder (D:2)
  A worm (D:3)
  4 orcs (D:3)
  7 bats
  6 endoplasms (D:1)
  4 giant cockroaches
  5 goblins
  9 hobgoblins
  7 jackals
  3 kobolds
  3 quokkas (D:2)
  2 ball pythons
  A frilled lizard (D:3)
  7 rats
60 creatures vanquished.

Vanquished Creatures (collateral kills)
  A hobgoblin (D:3)
1 creature vanquished.

Vanquished Creatures (others)
  2 demonic plants (D:2)
  5 plants (D:2)
7 creatures vanquished.

Grand Total: 68 creatures vanquished

Notes
Turn   | Place    | Note
-------+----------+-------------------------------------------
     0 | D:1      | bisexualwizard the Octopode Monk began the quest for the
                  | Orb.
     0 | D:1      | Reached XP level 1. HP: 16/16 MP: 1/1
   135 | D:1      | Reached XP level 2. HP: 20/21 MP: 2/2
   560 | D:1      | Reached skill level 4 in Unarmed Combat
   580 | D:1      | Reached XP level 3. HP: 20/26 MP: 3/3
  1204 | D:2      | Found a faded altar of an unknown god.
  1882 | D:2      | Reached XP level 4. HP: 19/31 MP: 4/4
  2704 | D:3      | Mangled by a wight

Illustrated notes

Levels and vault maps discovered:
D:1:      lightli_arrival_isolated_outpost, layout_basic,
          kennysheep_small_spiral, minmay_pentomino_p2
D:2:      layout_basic, shapermc_ecumenical_altar_gd, serial_bayou,
          serial_bayou_lake_a, serial_bayou_shore_a, serial_bayou_crossing,
          serial_bayou_pond_a
D:3:      layout_loops_cross, cheibrodos_sewer_entry_bend,
          chequers_serial_rivers_micro_a

Skill      XL: |  1  2  3 |
---------------+----------+-----
Unarmed Combat | 4 |  4.8
Stealth        | 3 |  3.7
Fighting       | |  3.0
Dodging        | |  3.0

Action                   |  1- 3 |  4- 6 || total
-------------------------+-------+-------++-------
Melee: Unarmed           |    88 |    39 ||   127
       Constrict         |    17 |    14 ||    31
       Tentacles         |    15 |     6 ||    21
       Punch             |     1 |     1 ||     2
  Use: Scroll            |     1 |     3 ||     4
 Stab: Sleeping          |    11 |     6 ||    17
Armor: Skin              |     7 |     1 ||     8
Dodge: Dodged            |    61 |    23 ||    84

Table legend: (Time is in decaauts)
 A = Elapsed time spent in this place.
 B = Non-inter-level travel time spent in this place.
 C = Inter-level travel time spent in this place.
 D = Time resting spent in this place.
 E = Time spent auto-exploring this place.
 F = Levels seen in this place.
 G = Mean time per level.
                   A        B        C        D        E       F      G
               +--------+--------+--------+--------+--------+-----+--------+
         Total |   2693 |   2569 |    124 |      0 |   2202 |   3 |  897.7 |
       Dungeon |   2693 |   2569 |    124 |      0 |   2202 |   3 |  897.7 |
               +--------+--------+--------+--------+--------+-----+--------+

Top non-repeatable levels by time:
     D:1: 1076 daAuts
     D:2: 1059 daAuts
     D:3: 557 daAuts
